 Dungeon Crawl Stone Soup version 0.29.1-14-g9c671dbff4 (console) character file.

Game seed: 16426123936428903478

1771 Goreval the Destroyer (level 8, -13/41 HPs)
             Began as a Deep Elf Conjurer on Feb 16, 2023.
             Was a Follower of Vehumet.
             Shot with a bolt by an orc warrior (24 damage)
             ... on level 6 of the Dungeon.
             The game lasted 00:33:16 (8525 turns).

Goreval the Destroyer (Deep Elf Conjurer)           Turns: 8525, Time: 00:33:16

Health: -13/41     AC:  4    Str:  4    XL:     8   Next: 80%
Magic:  8/26       EV: 14    Int: 26    God:    Vehumet [*.....]
Gold:   288        SH:  0    Dex: 13    Spells: 4/31 levels left

rFire   . . .      SeeInvis .   d - +0 dagger
rCold   . . .      Faith    .   (no shield)
rNeg    . . .      Spirit   .   a - +0 robe
rPois   .          Reflect  .   (no helmet)
rElec   .          Harm     .   k - +0 cloak
rCorr   .          Rampage  .   (no gloves)
Will    .....                   n - +0 pair of boots
Stlth   ++........              (no amulet)
HPRegen 0.13/turn               (no ring)
MPRegen 0.20/turn               (no ring)

@: no status effects
A: no striking features
a: Renounce Religion


You were on level 6 of the Dungeon.
You worshipped Vehumet.
Vehumet was aware of your devotion.
You visited 1 branch of the dungeon, and saw 6 of its levels.

You collected 288 gold pieces.

Inventory:

Hand Weapons
 d - a +0 dagger (weapon)
 l - a +3 quarterstaff of chaos
Missiles
 g - 2 poisoned darts
 A - 2 throwing nets
Armour
 a - a +0 robe (worn)
 k - a +0 cloak (worn)
 n - a +0 pair of boots (worn)
 z - a +2 pair of boots
Magical Staves
 y - a staff of poison
Jewellery
 r - an amulet of faith
 C - a ring of protection from cold
Wands
 t - a wand of flame (2)
 B - a wand of paralysis (13)
Scrolls
 c - 4 scrolls of teleportation {unknown}
 e - 2 scrolls of identify
 h - a scroll of immolation {unknown}
 j - a scroll of amnesia {unknown}
 m - 2 scrolls of silence {unknown}
 o - 2 scrolls of magic mapping {unknown}
 q - a scroll of poison {unknown}
 s - 2 scrolls of butterflies {unknown}
Potions
 b - a potion of magic
 f - a potion of invisibility
 i - a potion of brilliance {unknown}
 p - a potion of lignification {unknown}
 u - a potion of flight
 v - a potion of curing
 w - a potion of mutation {unknown}
 x - 2 potions of heal wounds {unknown}


   Skills:
 - Level 6.2 Dodging
 + Level 3.8 Stealth
 + Level 12.3 Spellcasting
 * Level 12.4 Conjurations
 - Level 7.0 Hexes
 + Level 4.2 Translocations
 - Level 2.0 Air Magic


You had 4 spell levels left.
You knew the following spells:

 Your Spells              Type           Power      Damage    Failure   Level
a - Magic Dart            Conj           100%       1d8       1%          1
b - Searing Ray           Conj           100%       2d8       1%          2
c - Dazzling Flash        Conj/Hex       100%       N/A       1%          3
d - Fulminant Prism       Conj/Hex       30%        3d16      1%          4
e - Ensorcelled Hibernat  Hex/Ice        68%        N/A       1%          2
f - Iskenderun's Mystic   Conj/Tloc      56%        2d12      1%          4
g - Teleport Other        Tloc           38%        N/A       1%          3
h - Gell's Gravitas       Tloc           38%        N/A       1%          3
k - Swiftness             Air            26%        N/A       4%          3
p - Passwall              Tmut/Erth      13%        N/A       5%          2

Your spell library contained the following spells:

 Spells                   Type           Power      Damage    Failure   Level
 Sandblast                Erth           32%        2d9       3%          1
 Lesser Beckoning         Tloc           38%        N/A       1%          3


Dungeon Overview and Level Annotations

Branches:
Dungeon (6/15) Zot: 25990
 Temple: D:4-7

Altars:
Nemelex Xobeh
Ru
Vehumet
Wu Jian
Zin


Message History

Aim: a necrophage (almost destroyed, 100% to hit)
The magic dart hits the necrophage but does no damage.
The necrophage hits you but does no damage.
Aim: a necrophage (almost destroyed, 100% to hit)
The magic dart hits the necrophage.
The water moccasin hisses angrily.
The necrophage hits you but does no damage.
You erupt in a blast of force!
The mystic blast hits the water moccasin!
The water moccasin is knocked back by the mystic blast.
The water moccasin slams into the rock wall!
The mystic blast hits the necrophage!
You destroy the necrophage!
Vehumet accepts your kill.
Aim: a water moccasin (severely wounded, 72% to hit)
The searing ray hits the water moccasin.
You kill the water moccasin!
Vehumet accepts your kill. (Press . to maintain the ray.)
Your Air Magic skill increases to level 2!
Things that are here:
a +0 dagger; a +0 robe An orc warrior is nearby!
Aim: an orc warrior, wielding a +0 trident and wearing a +0 chain mail (wandering, hasn't noticed you, 100% to hit)
The magic dart hits the orc warrior but does no damage.
The orc warrior shouts!
Aim: an orc warrior, wielding a +0 trident and wearing a +0 chain mail (100% to hit)
The magic dart hits the orc warrior.
The orc warrior unwields a +0 trident.
The orc warrior wields a +0 arbalest of freezing.
It is covered in frost.
The orc warrior shoots a bolt.
The bolt hits you!!
Ouch! That really hurt!
The bolt freezes you.
* * * LOW HITPOINT WARNING * * *
You hear a shout!
The orc warrior shoots a bolt.
The bolt misses you.
There is a stone staircase leading up here.
The orc warrior shoots a bolt.
The bolt hits you!!
Ouch! That really hurt!
You die...

.# .# ###.# #...# .# #.#.# .
..# #.#.# ##o #
#.############.#.# #...# ###
#.#..............# .)#. ..#
#.#.###.####.#.### # #). #.#
#.#...........<.# #...####†#
#.####.#.##..####.##.#
#........#####......#.##..#
#.##.#
#...####)##.##.##.#.#.##..#
#.##.#
#....[.@.#...#............#
#.##.#
##.#.###..........<......##
#.##.# ...
####....................##.#
#.##
####.##.#.#############<# #.
#.##.#.# ###.# # #.##....
#...# #.###..## #.### #.#
#.## #)# #.# #.# #)# #.. ..
#*. #..# ...# #.## #.# #.#


You could see an orc warrior.

Vanquished Creatures
  Sigmund (D:6)
  A water moccasin (D:6)
  A black bear (D:5)
  An ogre (D:5)
  2 scorpions
  3 necrophages
  A gnoll bouda (D:5)
  2 hounds
  2 jellies (D:6)
  Crazy Yiuf (D:2)
  3 orc wizards
  Ijyb (D:3)
  6 adders
  12 gnolls
  A worm (D:3)
  3 dart slugs
  17 orcs
  6 ball pythons
  9 endoplasms
  8 hobgoblins
  8 jackals
  3 quokkas
  4 bats (D:1)
  3 frilled lizards
  8 goblins
  3 kobolds
  6 rats
116 creatures vanquished.

Vanquished Creatures (others)
  4 fulminant prisms
  3 plants (D:1)
7 creatures vanquished.

Grand Total: 123 creatures vanquished

Notes
Turn   | Place    | Note
-------+----------+-------------------------------------------
     0 | D:1      | Goreval the Deep Elf Conjurer began the quest for the Orb.
     0 | D:1      | Reached XP level 1. HP: 10/10 MP: 6/6
   204 | D:1      | Reached XP level 2. HP: 10/15 MP: 0/8
   274 | D:1      | Learned a level 2 spell: Searing Ray
   916 | D:1      | Noticed a golden eye
   929 | D:1      | Found a faded altar of an unknown god.
   963 | D:1      | Noticed a golden eye
   963 | D:1      | Noticed a shining eye
   963 | D:1      | Noticed a floating eye
   968 | D:1      | Reached skill level 5 in Conjurations
   991 | D:1      | Reached XP level 3. HP: 19/19 MP: 8/10
   995 | D:1      | Learned a level 3 spell: Dazzling Flash
  1461 | D:2      | You fall into a shaft and drop 1 floor!
  1461 | D:3      | Found a glowing silver altar of Zin.
  1487 | D:2      | Found a runed translucent door.
  1488 | D:2      | Noticed Crazy Yiuf
  1497 | D:2      | Killed Crazy Yiuf
  1498 | D:2      | Reached XP level 4. HP: 18/24 MP: 3/11
  1984 | D:2      | Found a sacrificial altar of Ru.
  2201 | D:3      | Noticed Ijyb
  2310 | D:3      | Learned a level 4 spell: Fulminant Prism
  2777 | D:3      | Found a sacrificial altar of Ru.
  3104 | D:3      | Reached skill level 1 in Hexes
  3104 | D:3      | Reached XP level 5. HP: 28/28 MP: 7/13
  3632 | D:3      | Killed Ijyb
  3874 | D:4      | Reached skill level 10 in Spellcasting
  3874 | D:4      | Reached skill level 10 in Conjurations
  3874 | D:4      | Reached XP level 6. HP: 32/32 MP: 13/21
  3878 | D:4      | Learned a level 2 spell: Ensorcelled Hibernation
  3883 | D:4      | Learned a level 4 spell: Iskenderun's Mystic Blast
  3883 | D:4      | Reached XP level 7. HP: 36/36 MP: 14/24
  3887 | D:4      | Learned a level 2 spell: Passwall
  3891 | D:4      | Learned a level 3 spell: Swiftness
  3895 | D:4      | Learned a level 3 spell: Teleport Other
  5271 | D:4      | Found a radiant altar of Vehumet.
  5413 | D:4      | Became a worshipper of Vehumet
  5428 | D:5      | Entered Level 5 of the Dungeon
  6291 | D:5      | Found a sparkling altar of Nemelex Xobeh.
  6580 | D:5      | Reached skill level 1 in Air Magic
  6611 | D:5      | Reached XP level 8. HP: 41/41 MP: 17/26
  6984 | D:5      | Reached * piety under Vehumet
  6984 | D:5      | Offered knowledge of Sandblast by Vehumet.
  6989 | D:5      | Learned a level 3 spell: Gell's Gravitas
  7184 | D:5      | Found an ornate altar of the Wu Jian Council.
  7552 | D:6      | Noticed Sigmund
  7556 | D:6      | Killed Sigmund
  8525 | D:6      | Shot with a bolt by an orc warrior

Illustrated notes

Levels and vault maps discovered:
D:1:      dpeg_arrival_short_road, layout_loops_ring,
          hellmonk_ecumenical_altar_watching_god, nicolae_grassy_gnolls
D:2:      layout_basic, basic_altar, serial_bayou_lagoon_b,
          uniq_crazy_yiuf_cottage
D:3:      layout_basic, nicolae_ru_path_of_blood,
          mainiacjoe_overflow_cross_hatched,
          wander_ebering_terrifying_dragon_lair, uniq_ijyb
D:4:      layout_loops_ring, mainiacjoe_overflow_surrounded_room
D:5:      layout_gridville, nemelex_spade_bored_becter,
          pdpol_wu_jian_five_deadly_venoms, grunt_ministairs_3
D:6:      layout_loops_ring, gammafunk_ghost_split, uniq_sigmund

Skill      XL: |  1  2  3  4  5  6  7  8 |
---------------+-------------------------+-----
Dodging        | 3 6 |  6.2
Conjurations   | 5 10 12 | 12.4
Spellcasting   | 4 10 12 | 12.3
Hexes          | 1 7 |  7.0
Translocations | 4 |  4.2
Stealth        | 3 |  3.8
Air Magic      | 1 2 |  2.0

Action                   |  1- 3 |  4- 6 |  7- 9 || total
-------------------------+-------+-------+-------++-------
Melee: Unarmed           |     1 |       |       ||     1
       Dagger            |     3 |     7 |    11 ||    21
       Punch             |       |     1 |       ||     1
 Cast: Magic Dart        |    57 |    73 |   164 ||   294
       Searing Ray       |     1 |     1 |     8 ||    10
       Fulminant Prism   |       |       |     4 ||     4
       Ensorcelled Hiber |       |       |     4 ||     4
       Iskenderun's Myst |       |       |     5 ||     5
       Gell's Gravitas   |       |       |     1 ||     1
  Use: Scroll            |       |     3 |       ||     3
       Potion            |       |     2 |       ||     2
 Stab: Sleeping          |       |       |     1 ||     1
Armor: Robe              |       |     3 |     7 ||    10
Dodge: Dodged            |     9 |     8 |    20 ||    37
